 Dungeon Crawl Stone Soup version 0.17-a0-2158-g6d76252 (webtiles) character file.

6811 Morbidden the Grappler (level 10, 0/100 HPs)
             Began as a Troll Monk on Oct 25, 2015.
             Was an Elder of Qazlal.
             Slain by a wasp (12 damage)
             ... while paralysed by a wasp
             ... on level 10 of the Dungeon.
             The game lasted 00:30:14 (7871 turns).

Morbidden the Grappler (Troll Monk)                 Turns: 7871, Time: 00:30:14

Health: 0/100      AC:  5    Str: 24    XL:     10   Next: 77%
Magic:  0/9        EV:  1    Int: 11    God:    Qazlal [****..]
Gold:   526        SH:  0    Dex: 12    Spells: 0 memorised, 9 levels left

rFire  + . .     SeeInvis .       - Unarmed
rCold  . . .     Clarity  .     a - +0 robe
rNeg   . . .     SustAt   .     (no shield)
rPois  .         Gourm    +     (helmet restricted)
rElec  .         Spirit   +     (no cloak)
rCorr  .         Warding  .     (gloves unavailable)
rMut   .         Stasis   .     (boots unavailable)
MR     .....                    e - amulet of guardian spirit
Stlth  +.........               J - ring of protection from fire
                                E - +5 ring of intelligence

@: paralysed, slowed, repel missiles, not resistant to hostile enchantments,
very unstealthy
A: unfitting armour, claws 3, fast metabolism 3, gourmand, regeneration 2,
shaggy fur 1, tough skin 2
a: Upheaval, Elemental Force, Renounce Religion


You were on level 10 of the Dungeon.
You worshipped Qazlal.
Qazlal was greatly pleased with you.
You were very full.

You visited 2 branches of the dungeon, and saw 11 of its levels.

You collected 526 gold pieces.

Inventory:

Missiles
 L - 13 javelins (quivered)
Armour
 a - a +0 robe (worn)
Jewellery
 e - an amulet of guardian spirit (around neck)
 q - an uncursed amulet of resist corrosion
 E - a +5 ring of intelligence (left claw)
 J - a ring of protection from fire (right claw)
Wands
 y - a wand of fireball (7)
 F - a wand of fireball (4)
Scrolls
 d - 2 scrolls of teleportation
 g - 2 scrolls of enchant weapon
 m - 2 scrolls of immolation
 p - 4 scrolls of fear
 r - 5 scrolls of noise
 s - a scroll of magic mapping
 t - 2 scrolls of amnesia
 w - a scroll of fog {unknown}
 D - a scroll of holy word {unknown}
 H - 2 scrolls of remove curse
 M - a scroll of silence {unknown}
 Q - a scroll of recharging {unknown}
 R - a scroll of enchant armour {unknown}
Potions
 c - a potion of ambrosia
 h - 3 potions of degeneration
 j - a potion of heal wounds
 k - a potion of invisibility
 o - a potion of curing
 v - a potion of lignification
 x - a potion of flight
 z - 2 potions of brilliance
 A - 2 potions of haste
 B - 2 potions of resistance
 C - a potion of cancellation
 G - 4 potions of agility
 N - a potion of berserk rage
Comestibles
 b - 7 bread rations
 f - 14 slices of pizza
 i - 3 beef jerkies
 l - a royal jelly
 n - 3 chunks of flesh
 u - 2 meat rations
 I - 6 fruits


   Skills:
 + Level 6.3 Fighting
 + Level 4.9 Dodging
 - Level 1.1 Stealth
 * Level 14.0 Unarmed Combat


You had 9 spell levels left.
You didn't know any spells.

Dungeon Overview and Level Annotations

Branches:
Dungeon (10/15)            Temple (1/1) D:6
   Lair: D:8-11         Orc: D:9-12

Altars:
Ashenzari
Cheibriados
Dithmenos
Elyvilon
Fedhas
Gozag
Kikubaaqudgha
Makhleb
Nemelex Xobeh
Okawaru
Qazlal
Ru
Sif Muna
Trog
Vehumet
Xom
Yredelemnul
Zin
The Shining One

Shops:
D:5 =   D:10 [

Annotations:
D:3 1 exclusion


Innate Abilities, Weirdness & Mutations

You are too large for most types of armour.
You have claws for hands.
Your metabolism is lightning-fast.
You like to eat raw meat.
You heal very quickly.
You are covered in fur (AC +1).
You have very tough skin (AC +2).


Message History

* * * LOW HITPOINT WARNING * * *
You feel as though you will be slow longer.
Unknown command.
Drink which item? (? for menu, Esc to quit)
You feel better. The wasp stings you.
* * * LOW HITPOINT WARNING * * *
You suddenly lose the ability to move!
The wasp stings you but does no damage. The wasp stings you!
* * * LOW HITPOINT WARNING * * *
You feel as though you will be slow longer.
You hear a shout! x2
The wasp stings you.
* * * LOW HITPOINT WARNING * * *
You feel as though you will be slow longer.
An orc warrior comes into view. It is wielding a long sword.
The wasp stings you.
* * * LOW HITPOINT WARNING * * *
You feel as though you will be slow longer.
The wasp stings you!
You die...

******##########).÷...........,,,
,,,,,,.........")§(...<.......,,,
*******#####..################,,,
#..# *,,, #..# *,,, #..# *,,,
#..# *,,,
*******#####..###########*****,,,
,,,,,,..........@........,,,,,,,,
,,,,,,.........y#########********
,,,,,,..........#
,,,,,,..........#
,,,,,,.........∩#
,,,,,,..........#
,,,,,,.....o....#
,,,,,,,.........#****************
,,,,,,,,.........,,,,,,,,,,,,,,,,


You could see an orc warrior and a wasp.

Vanquished Creatures
  The ghost of Ordine the Thaumaturge, a novice GrFE of Vehumet (D:9)
  Pikel (D:6)
  A gargoyle (D:9)
  Joseph (D:10)
  Grinder (D:3)
  A two-headed ogre (D:9)
  Sigmund (D:4)
  A spriggan (D:8)
  6 yaks (D:9)
  A hippogriff (D:8)
  Edmund (D:5)
  4 ice beasts
  A water moccasin (D:9)
  2 sky beasts
  A black bear (D:6)
  A wasp (D:9)
  6 ogres
  2 phantoms
  A big kobold (D:10)
  3 giant frogs
  A water moccasin skeleton (D:8)
  A scorpion (D:9)
  6 killer bees (D:10)
  A vampire bat (D:5)
  2 centaur zombies
  4 hounds
  2 giant frog skeletons
  A giant frog zombie (D:8)
  A quasit (D:5)
  An orc wizard (D:7)
  A gnoll shaman (D:9)
  An iguana (D:10)
  2 hell rats (D:8)
  11 worker ants
  A hound skeleton (D:4)
  4 worker ant zombies
  Robin (D:4)
  9 adders
  10 gnolls (D:9)
  2 shadow imps
  5 river rats (D:8)
  An adder zombie (D:7)
  2 worms
  4 giant geckos
  5 orcs
  A ball python (D:2)
  17 bats
  4 giant cockroaches
  11 hobgoblins
  10 jackals
  12 kobolds
  4 quokkas
  6 giant newts
  13 goblins
  A jackal zombie (D:6)
  21 rats
216 creatures vanquished.

Vanquished Creatures (others)
  A wyvern skeleton (D:6)
  An adder skeleton (D:4)
2 creatures vanquished.

Grand Total: 218 creatures vanquished

Notes
Turn   | Place    | Note
--------------------------------------------------------------
     0 | D:1      | Morbidden the Troll Monk began the quest for the Orb.
     0 | D:1      | Reached XP level 1. HP: 22/22 MP: 0/0
   432 | D:1      | Reached XP level 2. HP: 27/29 MP: 1/1
  1036 | D:2      | Reached skill level 5 in Unarmed Combat
  1074 | D:2      | Reached XP level 3. HP: 36/36 MP: 2/2
  1569 | D:2      | Found a shadowy altar of Dithmenos.
  1569 | D:2      | Found a white marble altar of Elyvilon.
  1570 | D:2      | Found a glowing silver altar of Zin.
  1748 | D:2      | Reached XP level 4. HP: 37/44 MP: 3/3
  1938 | D:3      | Noticed Grinder
  1948 | D:3      | Paralysed by Grinder for 2 turns
  1958 | D:3      | Killed Grinder
  1958 | D:3      | Reached skill level 7 in Unarmed Combat
  1958 | D:3      | Reached XP level 5. HP: 15/50 MP: 2/4
  1958 | D:3      | Reached XP level 6. HP: 17/59 MP: 2/5
  2023 | D:3      | Found a sacrificial altar of Ru.
  2523 | D:4      | Found a radiant altar of Vehumet.
  2737 | D:4      | Found an ancient bone altar of Kikubaaqudgha.
  2841 | D:4      | Noticed Robin
  2862 | D:4      | Killed Robin
  3097 | D:4      | Found a bloodstained altar of Trog.
  3150 | D:4      | Noticed Sigmund
  3156 | D:4      | Killed Sigmund
  3156 | D:4      | Reached skill level 8 in Unarmed Combat
  3187 | D:4      | Reached XP level 7. HP: 34/66 MP: 2/6
  3364 | D:5      | Entered Level 5 of the Dungeon
  3571 | D:5      | Reached skill level 9 in Unarmed Combat
  3716 | D:5      | Found Vaot's Jewellery Shoppe.
  3941 | D:5      | Noticed Edmund
  3962 | D:5      | Killed Edmund
  3962 | D:5      | Reached XP level 8. HP: 39/74 MP: 2/7
  4290 | D:6      | Found a blossoming altar of Fedhas.
  4346 | D:6      | Reached skill level 10 in Unarmed Combat
  4474 | D:6      | Found a stormy altar of Qazlal.
  4485 | D:6      | Became a worshipper of Qazlal Stormbringer
  4485 | D:6      | Reached * piety under Qazlal
  4485 | D:6      | Reached ** piety under Qazlal
  4527 | D:6      | Noticed Pikel
  4536 | D:6      | Killed Pikel
  4536 | D:6      | Reached skill level 11 in Unarmed Combat
  4588 | D:6      | Reached XP level 9. HP: 61/84 MP: 8/8
  4704 | D:6      | Found a staircase to the Ecumenical Temple.
  4870 | Temple   | Entered the Ecumenical Temple
  5193 | D:7      | Found a sparkling altar of Nemelex Xobeh.
  5193 | D:7      | Found an opulent altar of Gozag.
  6009 | D:8      | Reached *** piety under Qazlal
  6232 | D:8      | Reached skill level 12 in Unarmed Combat
  6451 | D:8      | Reached skill level 5 in Fighting
  6735 | D:9      | Noticed Ordine's ghost (novice GrFE)
  6775 | D:9      | Killed Ordine's ghost
  6775 | D:9      | Reached XP level 10. HP: 86/96 MP: 7/9
  6819 | D:9      | Reached skill level 13 in Unarmed Combat
  6868 | D:9      | Found a shattered altar of Ashenzari.
  7191 | D:9      | Found a bloodstained altar of Trog.
  7219 | D:9      | Reached **** piety under Qazlal
  7658 | D:9      | Found a deep blue altar of Sif Muna.
  7684 | D:10     | Entered Level 10 of the Dungeon
  7722 | D:10     | Noticed Joseph
  7764 | D:10     | Killed Joseph
  7764 | D:10     | Reached skill level 14 in Unarmed Combat
  7834 | D:10     | Found Ujaorra's Armour Shop.
  7869 | D:10     | Paralysed by a wasp for 3 turns
  7871 | D:10     | Slain by a wasp

Vault maps used:
D:1:      dpeg_arrival_houses_and_road
D:2:      gammafunk_temple_overflow_claw, first_bread
D:3:      nicolae_overflow_crystal_walls, uniq_grinder
D:4:      fiery_altar_vehumet, lemuel_doored_altar, small_statue_intersection,
          trog_book, uniq_robin, uniq_sigmund
D:5:      serial_shops, shop, roderic_batcave, uniq_edmund
D:6:      grunt_qazlal_sundering, fedhas_altar_1, minmay_temple_entry_grid,
          uniq_pikel
D:7:      grunt_temple_overflow_opulence, minmay_holes
D:8:      lemuel_ratsnest, grunt_pizzeria, kennysheep_potato
D:9:      ashenzari_conservatory_becter, lemuel_blue_sif_altar,
          lemuel_crystal_altar
D:10:     serial_shops, shop, kennysheep_generic_room_5, uniq_joseph
Temple:   circular_temple_6

Action                   |  1- 3 |  4- 6 |  7- 9 | 10-12 || total
-------------------------+-------+-------+-------+-------++-------
Melee: Unarmed           |   100 |    98 |   308 |   123 ||   629
Throw: Javelin           |       |       |     2 |       ||     2
  Use: Scroll            |     1 |     1 |    10 |     6 ||    18
       Potion            |       |     2 |     5 |     1 ||     8
 Stab: Sleeping          |     6 |     2 |     1 |       ||     9
  Eat: Chunk             |    16 |    16 |    29 |    13 ||    74
       Beef jerky        |     1 |       |       |       ||     1
